 Dungeon Crawl Stone Soup version 0.27-a0-972-gd1521fd518 (webtiles) character file.

Game seed: 7386890482525150758

80 Alarkh the Insei (level 4, -7/33 HPs)
             Began as a Demonspawn Transmuter on Apr 13, 2021.
             Killed from afar by a white imp (8 damage)
             ... with a puff of frost
             ... on level 3 of the Dungeon.
             The game lasted 00:01:56 (1769 turns).

Alarkh the Insei (Demonspawn Transmuter)            Turns: 1769, Time: 00:01:57

Health: -7/33      AC:  3    Str: 10    XL:     4   Next: 18%
Magic:  7/7        EV: 12    Int: 16    God:
Gold:   113        SH:  0    Dex: 15    Spells: 7/8 levels left

rFire    . . .     SeeInvis .     - Unarmed
rCold    . . .     Faith    .   (no shield)
rNeg     . . .     Spirit   .   a - +0 robe
rPois    .         Reflect  .   (no helmet)
rElec    .         Harm     .   (no cloak)
rCorr    .         Rampage  .   (no gloves)
Will     .....                  (no boots)
Stlth    +.........             (no amulet)
HPRegen  0.11/turn              (no ring)
MPRegen  0.10/turn              (no ring)

@: no status effects
A: sharp scales 1, talons 1, agile 1
a: no special abilities


You were on level 3 of the Dungeon.
You visited 1 branch of the dungeon, and saw 4 of its levels.

You collected 113 gold pieces.

Inventory:

Armour
 a - a +0 robe (worn)
Wands
 h - a wand of polymorph (7)
Scrolls
 b - a scroll of noise {unknown}
 c - a scroll of identify {unknown}
 d - a scroll of fog {unknown}
 e - a scroll of acquirement {unknown}
 f - a scroll of fear {unknown}
 g - a scroll of amnesia {unknown}


   Skills:
 + Level 1.9 Fighting
 - Level 1.7 Dodging
 * Level 3.6 Unarmed Combat
 + Level 2.5 Spellcasting
 + Level 2.3 Transmutations


You had 7 spell levels left.
You knew the following spells:

 Your Spells              Type           Power      Damage    Failure   Level
a - Beastly Appendage     Tmut           18%        N/A       8%          1

Your spell library contained the following spells:

 Spells                   Type           Power      Damage    Failure   Level
 Wereblood                Tmut           9%         N/A       11%         2
 Spider Form              Tmut/Pois      2%         N/A       36%         3
 Ice Form                 Ice/Tmut       5%         N/A       77%         4
 Hydra Form               Tmut           4%         N/A       90%         5


Dungeon Overview and Level Annotations

Branches:
Dungeon (4/15)
 Temple: D:4-7

Altars:


Innate Abilities, Weirdness & Mutations

You are partially covered in razor-sharp scales. (AC +1, Slay +1)
You have sharp toenails.
You are agile. (Dex +2)


Message History

Your +0 robe unmelds from your body.
You start resting.
You feel less attractive to monsters.
HP restored.
A white imp comes into view.
The white imp shouts!
Items here: ( ))).
h - a wand of polymorph (7)
Items here: )) [[ †††.
You start resting.
A white imp is nearby!
The white imp gestures at you. The puff of frost hits you!
Items here: ( ))).
You closely miss the white imp. Your kick misses the white imp.
You hit the white imp.
The white imp is moderately wounded.
The white imp closely misses you.
You hit the white imp. Your kick misses the white imp.
The white imp is heavily wounded.
The white imp gestures at you. The puff of frost hits you!
* * * LOW HITPOINT WARNING * * *
You are too injured to fight recklessly!
You aren't carrying any potions.
Okay, then.
Casting: Beastly Appendage (safe; 8% risk of failure)
Press: ? - help, Q - select action, (/) - cycle Dir - look around, f - activate
Okay, then.
Okay, then.
You hit the white imp.
The white imp is almost dead.
The white imp gestures at you. The puff of frost hits you!
* * * LOW HITPOINT WARNING * * *
You closely miss the white imp. Your kick misses the white imp.
The white imp is almost dead.
The white imp gestures at you. The puff of frost hits you!
You die...

### #.. # #.# .. S..
#.############.# #.#.#
#######.......)†)....#####?#.##
........#.....)@)....... ...(.#
#######.#.####5##.##.#.. ..#..#
#.#.# #.# .##.#. #.#..##
#######...# #.# ....... #.#....
..........# #.# .## #..##.#..##
#######.#.# #.# .##.#..........
#<#.# #.# .............##
#######.#.# #. ###.####...#.#
.[......#.## ##.##.#


You could see a white imp.

Vanquished Creatures
  Robin (D:3)
  2 adders (D:3)
  2 ball pythons (D:2)
  A bat (D:1)
  2 endoplasms
  2 giant cockroaches (D:1)
  11 goblins
  3 hobgoblins
  5 jackals (D:1)
  3 quokkas (D:1)
  4 frilled lizards
  6 kobolds
  2 rats (D:3)
44 creatures vanquished.

Notes
Turn   | Place    | Note
-------+----------+-------------------------------------------
     0 | D:1      | Alarkh the Demonspawn Transmuter began the quest for the
                  | Orb.
     0 | D:1      | Reached XP level 1. HP: 15/15 MP: 3/3
   302 | D:1      | Gained mutation: You are partially covered in razor-sharp
                  | scales. (AC +1, Slay +1) [demonic ancestry]
   302 | D:1      | Reached XP level 2. HP: 18/21 MP: 3/5
   401 | D:1      | Reached skill level 3 in Unarmed Combat
  1062 | D:2      | Reached XP level 3. HP: 25/26 MP: 4/6
  1304 | D:2      | You fall into a shaft and drop 2 floors!
  1309 | D:4      | Noticed an ogre
  1313 | D:4      | Gained mutation: You are agile. (Dex +2) [potion of
                  | mutation]
  1313 | D:4      | Gained mutation: You have claws for feet. [potion of
                  | mutation]
  1585 | D:3      | Noticed Robin
  1602 | D:3      | Killed Robin
  1610 | D:3      | Reached XP level 4. HP: 14/33 MP: 7/7
  1768 | D:3      | HP: 1/33 [white imp/puff of frost (9)]
  1769 | D:3      | Killed from afar by a white imp

Illustrated notes

Levels and vault maps discovered:
D:1:      saegor_arrival_simple_a, layout_loops_ring, minivault_14
D:2:      layout_basic, shapermc_ecumenical_altar_starsandcircs,
          nrook_mini_vaults, minmay_fountain_box
D:3:      layout_loops_ring, uniq_robin
D:4:      layout_loops_ring, amethyst_overflow_temple_binary, serial_shops,
          kennysheep_mini

Skill      XL: |  1  2 |
---------------+-------+-----
Unarmed Combat | 3 |  3.6
Transmutations | 2 |  2.3
Fighting       | |  1.9
Dodging        | |  1.7
Spellcasting   | |  2.5

Action                   |  1- 3 |  4- 6 || total
-------------------------+-------+-------++-------
Melee: Unarmed           |   137 |    10 ||   147
       Kick              |    28 |       ||    28
       Headbutt          |    10 |       ||    10
       Punch             |     1 |       ||     1
 Cast: Beastly Appendage |    20 |       ||    20
  Use: Potion            |     3 |       ||     3
       Scroll            |     1 |       ||     1
Armor: Robe              |    18 |       ||    18
       Skin              |    22 |     3 ||    25
Dodge: Dodged            |    70 |     1 ||    71

Table legend: (Time is in decaauts)
 A = Elapsed time spent in this place.
 B = Non-inter-level travel time spent in this place.
 C = Inter-level travel time spent in this place.
 D = Time resting spent in this place.
 E = Time spent auto-exploring this place.
 F = Levels seen in this place.
 G = Mean time per level.
                   A        B        C        D        E       F      G
               +--------+--------+--------+--------+--------+-----+--------+
         Total |   1760 |   1743 |     17 |     13 |   1402 |   4 |  440.0 |
       Dungeon |   1760 |   1743 |     17 |     13 |   1402 |   4 |  440.0 |
               +--------+--------+--------+--------+--------+-----+--------+

Top non-repeatable levels by time:
     D:1: 1034 daAuts
     D:3: 430 daAuts
     D:2: 264 daAuts
     D:4: 30 daAuts
